Checkers 2 vs Wild

Created - 27 septembre 2023 at 20:29

Goals
1 2 3 T
Checkers 2 0 0 0 0
Wild 1 0 1 2
Shots
1 2 3 T
Checkers 2 7 0 10 17
Wild 2 0 8 10

GoalsPenalties
1st period
1. Wild , Seth Griffith 1 (Austin Czarnik 2, Jack Rathbone 1) at 12:32
No Penalty
2nd period
No Goal
Max Pacioretty (SEA) for Roughing (Minor) at 9:43
3rd period
2. Wild , Shane Gersich 1 (Seth Griffith 3, Austin Czarnik 3) at 6:11
Conor Timmins (SEA) for Hooking (Minor) at 12:58
Goalie Stats
David Rittich (SEA), 8 saves from 10 shots - (0,800), L, 5-2-0, 60:00 minutes
Joel Hofer (MIN), 17 saves from 17 shots - (1,000), W, 2-4-2, 60:00 minutes
3 StarsOfficial
1 - Joel Hofer (MIN)
2 - Seth Griffith (MIN)
3 - Austin Czarnik (MIN)
Referees : Carter Sandlak and Wes McCauley
Linesman : Scott Cherrey and Brandon Gawryletz
Game Note
No Game Note



Team Name Goals Shots Shots Attemp Shots Blocked PIM HIT PP PK FO%
Checkers 2 0173454230 / 0 (0%071%
Wild 2102040180 / 2 (0%)029%

Checkers 2
Player Name POS G A P +/- PIM HIT SHT SB MP PP MP PP SHT PK MP PK SHT FO% FOT GA TA
Alex BelzileC/RW0000031013:540:0002:050100% 100
Brett RitchieRW000-2042122:330:0000:00057% 701
Cale FleuryD000-1000016:120:0001:5300% 000
Colton WhiteD000-1021122:160:0000:0000% 003
Conor TimminsD0000200021:040:0001:1900% 010
Hudson FaschingRW0000030015:480:0000:0000% 100
Jake ChristiansenD000000000:000:0000:0000% 000
Joel HanleyD000-1021224:530:0002:3400% 002
Joel KivirantaLW/RW000-1012021:370:0001:590100% 321
Laurent DauphinC000-1023019:020:0000:00064% 1100
Martin KautRW0000001015:090:0000:0000% 010
Max PaciorettyLW000-1210017:400:0000:0300% 010
Michael Del ZottoD0000000019:230:0000:1300% 001
Nathan WalkerLW000-1002111:480:0000:2200% 010
Scott HarringtonD000-1010016:280:0001:5700% 000
Sheldon DriesC0000023019:120:0001:50088% 800
Victor MeteD000000000:000:0000:0000% 000
Wayne SimmondsLW/RW0000021019:010:0001:3700% 000
Wild
Player Name POS G A P +/- PIM HIT SHT SB MP PP MP PP SHT PK MP PK SHT FO% FOT GA TA
Adam KarashikD0000000021:291:3200:0000% 000
Alex LimogesC/LW0000001021:021:3300:00025% 420
Andrew PeskiD0001010012:550:2000:0000% 000
Austin CzarnikC/RW0222042021:471:1700:00022% 910
Brad MaloneC/LW0001020016:091:3500:00050% 200
Brandon DavidsonD0001010123:471:3200:0000% 001
Cole BardreauC000000009:020:2000:0000% 000
Cooper MarodyC/RW0000002021:481:5700:00036% 1111
Dylan SikuraC/LW/RW0000020122:251:4800:0000% 201
Eemil ViroD000000009:520:2000:0000% 000
Evan PoleiLW0000000017:311:1500:0000% 000
Jack RathboneD0112012026:152:0600:0000% 020
Logan DayD0000031225:332:0600:0000% 001
Luke MartinD000000002:090:0000:0000% 000
Mathias Emilio PettersenC000000000:220:0000:0000% 000
Matthew PecaC/LW0000010014:540:0000:0000% 002
Seth GriffithC/RW1122011022:281:5200:00033% 310
Shane GersichLW1011021010:320:1700:0000% 010

Checkers 2

5 vs 5 Forward
Line #Left WingCenterRight WingPHYDFOFWanted %Time %Time Play
1Max PaciorettyLaurent DauphinBrett Ritchie0234030%16:43
2Nathan WalkerBrett RitchieJoel Kiviranta0233023%12:45
3Wayne SimmondsSheldon DriesHudson Fasching0322028%15:48
4Joel KivirantaAlex BelzileMartin Kaut0321019%10:46
5 vs 5 Defense
Line #DefenseDefensePHYDFOFWanted %Time %Time Play
1Joel HanleyColton White0325040%22:25
2Conor TimminsMichael Del Zotto0323034%19:03
3Scott HarringtonCale Fleury0321024%13:14
4Joel HanleyConor Timmins032102%1:20
Power Play Forward
Line #Left WingCenterRight WingPHYDFOFWanted %Time %Time Play
1Max PaciorettyLaurent DauphinBrett Ritchie023600%0:00
2Nathan WalkerBrett RitchieJoel Kiviranta023400%0:00
Power Play Defense
Line #DefenseDefensePHYDFOFWanted %Time %Time Play
1Joel HanleyColton White023600%0:00
2Conor TimminsMichael Del Zotto023400%0:00
Penalty Kill 4 Players Forward
Line #CenterWingPHYDFOFWanted %Time %Time Play
1Sheldon DriesWayne Simmonds0505047%1:53
2Alex BelzileJoel Kiviranta0505053%2:05
Penalty Kill 4 Players Defense
Line #DefenseDefensePHYDFOFWanted %Time %Time Play
1Joel HanleyConor Timmins1316070%2:47
2Scott HarringtonCale Fleury1314030%1:11
Penalty Kill 3 Players
Line #WingPHYDFOFWanted %Time %Time PlayDefenseDefensePHYDFOFWanted %Time %Time Play
1Wayne Simmonds050600%0:00 Joel HanleyConor Timmins041600%0:00
2Hudson Fasching050400%0:00 Scott HarringtonCale Fleury041400%0:00
4 vs 4 Forward
Line #CenterWingPHYDFOFWanted %Time %Time Play
1Laurent DauphinNathan Walker032500%0:00
2Brett RitchieJoel Kiviranta032500%0:00
4 vs 4 Defense
Line #DefensePHYDFOFWanted %Time %Time Play
1Joel HanleyColton White032600%0:00
2Conor TimminsCale Fleury032400%0:00
Last Minutes Offensive
Left WingCenterRight WingDefenseDefense
Max PaciorettyJoel KivirantaBrett RitchieJoel HanleyMichael Del Zotto
Last Minutes Defensive
Left WingCenterRight WingDefenseDefense
Nathan WalkerLaurent DauphinJoel KivirantaConor TimminsScott Harrington
Time
Total ForwardTotal DefenseLast Minutes OffensiveLast Minutes Defensive
60:00 60:00 0:000:00
Extra Forwards
Normal PowerPlayPenalty Kill
Joel Kiviranta, Laurent Dauphin, Brett RitchieJoel Kiviranta, Brett RitchieNathan Walker
Extra Defensemen
Normal PowerPlayPenalty Kill
Joel Hanley, Conor Timmins, Michael Del ZottoJoel Hanley, Conor TimminsScott Harrington
Penalty Shots
Max Pacioretty, Joel Kiviranta, Brett Ritchie, Nathan Walker, Laurent Dauphin
Goalie
David Rittich, Chris Driedger
Scratches
Gage Quinney (Healthy), Alex Galchenyuk (Healthy), Xavier Ouellet (Healthy), Jeremy Davies (Healthy), Michael Carcone (Healthy) Mikhail Maltsev (Healthy), Noah Juulsen (Healthy), Nate Thompson (Healthy), Radim Zohorna (Healthy), Patrick Guay (Healthy) Maxime Lagace (Healthy), Zach Sawchenko (Healthy)

Wild

5 vs 5 Forward
Line #Left WingCenterRight WingPHYDFOFWanted %Time %Time Play
1Dylan SikuraAustin CzarnikSeth Griffith1224036%20:04
2Alex LimogesCooper MarodyDylan Sikura1223028%15:47
3Cooper MarodySeth GriffithDylan Sikura1222012%6:52
4Cooper MarodyAlex LimogesMatthew Peca1221024%13:19
5 vs 5 Defense
Line #DefenseDefensePHYDFOFWanted %Time %Time Play
1Jack RathboneLogan Day1224541%22:44
2Jack RathboneBrandon Davidson1223335%19:45
3Logan DayJack Rathbone1222215%8:33
4Jack RathboneAdam Karashik12209%5:00
Power Play Forward
Line #Left WingCenterRight WingPHYDFOFWanted %Time %Time Play
1Cooper MarodyDylan SikuraSeth Griffith1136061%2:25
2Alex LimogesCooper MarodyDylan Sikura1224039%1:33
Power Play Defense
Line #DefenseDefensePHYDFOFWanted %Time %Time Play
1Jack RathboneLogan Day11360100%3:58
2Logan DayJack Rathbone122400%0:00
Penalty Kill 4 Players Forward
Line #CenterWingPHYDFOFWanted %Time %Time Play
1Cooper MarodyDylan Sikura122600%0:00
2Cooper MarodyDylan Sikura122400%0:00
Penalty Kill 4 Players Defense
Line #DefenseDefensePHYDFOFWanted %Time %Time Play
1Logan DayJack Rathbone122600%0:00
2Jack RathboneLogan Day122400%0:00
Penalty Kill 3 Players
Line #WingPHYDFOFWanted %Time %Time PlayDefenseDefensePHYDFOFWanted %Time %Time Play
1Cooper Marody113600%0:00 Logan DayJack Rathbone113600%0:00
2Cooper Marody113400%0:00 Jack RathboneLogan Day113400%0:00
4 vs 4 Forward
Line #CenterWingPHYDFOFWanted %Time %Time Play
1Cooper MarodyDylan Sikura122600%0:00
2Cooper MarodyDylan Sikura122400%0:00
4 vs 4 Defense
Line #DefensePHYDFOFWanted %Time %Time Play
1Jack RathboneLogan Day122600%0:00
2Jack RathboneLogan Day122400%0:00
Last Minutes Offensive
Left WingCenterRight WingDefenseDefense
Dylan SikuraAustin CzarnikSeth GriffithJack RathboneLogan Day
Last Minutes Defensive
Left WingCenterRight WingDefenseDefense
Dylan SikuraAustin CzarnikSeth GriffithJack RathboneLogan Day
Time
Total ForwardTotal DefenseLast Minutes OffensiveLast Minutes Defensive
60:00 60:00 0:000:00
Extra Forwards
Normal PowerPlayPenalty Kill
Cooper Marody, Seth Griffith, Dylan SikuraSeth Griffith, Dylan SikuraCooper Marody
Extra Defensemen
Normal PowerPlayPenalty Kill
Adam Karashik, Jack Rathbone, Brandon DavidsonJack Rathbone, Jack RathboneLogan Day
Penalty Shots
Seth Griffith, Austin Czarnik, Dylan Sikura, Alex Limoges, Cooper Marody
Goalie
Joel Hofer, Dylan Ferguson
Scratches
Trevor Carrick (Left Knee Injury), Ty Ronning (Healthy), Cristiano DiGiacinto (Healthy), Timur Ibragimov (Healthy), Anthony Vincent (Healthy) Joakim Kemell (Healthy), Dryden McKay (Healthy)


Play-by-Play

1st period


0:01 of 1st period - Laurent Dauphin wins face-off versus Austin Czarnik in neutral zone.
0:32 of 1st period - Backhand shot by Wayne Simmonds.
0:32 of 1st period - Shot Misses the Net.
0:34 of 1st period - Backhand shot by Sheldon Dries.
0:34 of 1st period - Stopped by Joel Hofer with a rebound.
0:36 of 1st period - Slapshot by Colton White.
0:36 of 1st period - Shot Misses the Net.
0:38 of 1st period - Wrist shot by Hudson Fasching.
0:38 of 1st period - Shot Blocked by Logan Day.
0:48 of 1st period - Snap shot by Martin Kaut.
0:48 of 1st period - Shot Misses the Net.
1:06 of 1st period - Wrist shot by Joel Kiviranta.
1:06 of 1st period - Stopped by Joel Hofer with a rebound.
1:08 of 1st period - Slapshot by Scott Harrington.
1:08 of 1st period - Shot Blocked by Brandon Davidson.
2:12 of 1st period - Brett Ritchie is hit by Logan Day and loses puck.
3:14 of 1st period - Icing by Alex Belzile.
3:15 of 1st period - Brad Malone wins face-off versus Laurent Dauphin in Checkers 2 zone.
4:59 of 1st period - Joel Kiviranta is hit by Matthew Peca and loses puck.
5:49 of 1st period - Joel Kiviranta is hit by Dylan Sikura and loses puck.
6:00 of 1st period - Alex Limoges is hit by Sheldon Dries.
6:44 of 1st period - Nathan Walker is hit by Logan Day and loses puck.
8:20 of 1st period - Icing by Brett Ritchie.
8:21 of 1st period - Cooper Marody wins face-off versus Sheldon Dries in Checkers 2 zone.
8:40 of 1st period - Dylan Sikura is hit by Hudson Fasching and loses puck.
8:50 of 1st period - Icing by Brandon Davidson.
8:51 of 1st period - Laurent Dauphin wins face-off versus Austin Czarnik in Wild zone.
9:25 of 1st period - Off-side.
9:26 of 1st period - Sheldon Dries wins face-off versus Alex Limoges in neutral zone.
9:41 of 1st period - Snap shot by Wayne Simmonds.
9:41 of 1st period - Shot Misses the Net.
9:43 of 1st period - Slapshot by Sheldon Dries.
9:43 of 1st period - Stopped by Joel Hofer with a rebound.
10:09 of 1st period - Wrist shot by Max Pacioretty.
10:09 of 1st period - Shot Misses the Net.
10:38 of 1st period - Icing by Conor Timmins.
10:39 of 1st period - Sheldon Dries wins face-off versus Austin Czarnik in Checkers 2 zone.
10:39 of 1st period - Sheldon Dries is hit by Austin Czarnik.
10:59 of 1st period - Logan Day is hit by Wayne Simmonds and loses puck.
11:24 of 1st period - Matthew Peca is hit by Colton White and loses puck.
11:47 of 1st period - Snap shot by Joel Kiviranta.
11:47 of 1st period - Shot Misses the Net.
12:08 of 1st period - Icing by Seth Griffith.
12:09 of 1st period - Sheldon Dries wins face-off versus Austin Czarnik in Wild zone.
12:30 of 1st period - Slapshot by Austin Czarnik.
12:30 of 1st period - Stopped by David Rittich with a rebound.
12:32 of 1st period - Wrist shot by Seth Griffith.
12:32 of 1st period - Goal by Seth Griffith - Checkers 2 : 0 - Wild : 1.
12:33 of 1st period - Brett Ritchie wins face-off versus Cooper Marody in neutral zone.
12:38 of 1st period - Snap shot by Brett Ritchie.
12:38 of 1st period - Shot Blocked by Dylan Sikura.
12:40 of 1st period - Snap shot by Colton White.
12:40 of 1st period - Shot Misses the Net.
12:42 of 1st period - Slapshot by Joel Hanley.
12:42 of 1st period - Deflect By Brett Ritchie.
12:42 of 1st period - Stopped by Joel Hofer without a rebound.
12:43 of 1st period - Brett Ritchie wins face-off versus Cooper Marody in Wild zone.
13:17 of 1st period - Snap shot by Nathan Walker.
13:17 of 1st period - Shot Misses the Net.
13:19 of 1st period - Backhand shot by Brett Ritchie.
13:19 of 1st period - Shot Misses the Net.
13:21 of 1st period - Slapshot by Joel Hanley.
13:21 of 1st period - Deflect By Joel Kiviranta.
13:21 of 1st period - Stopped by Joel Hofer with a rebound.
13:27 of 1st period - Slapshot by Nathan Walker.
13:27 of 1st period - Stopped by Joel Hofer without a rebound.
13:28 of 1st period - Sheldon Dries wins face-off versus Austin Czarnik in Wild zone.
13:49 of 1st period - Seth Griffith is hit by Brett Ritchie.
14:09 of 1st period - Wrist shot by Martin Kaut.
14:09 of 1st period - Stopped by Joel Hofer with a rebound.
15:13 of 1st period - Wayne Simmonds is hit by Austin Czarnik and loses puck.
16:07 of 1st period - Icing by Matthew Peca.
16:08 of 1st period - Laurent Dauphin wins face-off versus Alex Limoges in Wild zone.
18:07 of 1st period - Joel Hanley is hit by Brad Malone and loses puck.
Goals for this period are 0 for Checkers 2 vs 1 for Wild.
Shots for this period are 7 for Checkers 2 vs 2 for Wild.

2nd period


0:01 of 2nd period - Laurent Dauphin wins face-off versus Cooper Marody in neutral zone.
0:13 of 2nd period - Snap shot by Brett Ritchie.
0:13 of 2nd period - Shot Misses the Net.
0:19 of 2nd period - Laurent Dauphin is hit by Jack Rathbone and loses puck.
0:32 of 2nd period - Austin Czarnik is hit by Sheldon Dries and loses puck.
2:00 of 2nd period - Dylan Sikura is hit by Wayne Simmonds and loses puck.
2:37 of 2nd period - Evan Polei is hit by Alex Belzile and loses puck.
2:48 of 2nd period - Sheldon Dries is hit by Brad Malone and loses puck.
3:28 of 2nd period - Laurent Dauphin is hit by Shane Gersich and loses puck.
6:16 of 2nd period - Icing by Matthew Peca.
6:17 of 2nd period - Laurent Dauphin wins face-off versus Alex Limoges in Wild zone.
6:28 of 2nd period - Brad Malone is hit by Laurent Dauphin and loses puck.
9:43 of 2nd period - Minor Penalty to Max Pacioretty for Roughing.
9:44 of 2nd period - Alex Belzile wins face-off versus Dylan Sikura in Checkers 2 zone.
10:11 of 2nd period - Joel Hanley is hit by Seth Griffith.
11:43 of 2nd period - Penalty to Max Pacioretty is over, Max Pacioretty is back on ice.
12:55 of 2nd period - Austin Czarnik is hit by Joel Kiviranta and loses puck.
14:12 of 2nd period - Colton White is hit by Andrew Peski and loses puck.
14:23 of 2nd period - Sheldon Dries is hit by Brandon Davidson.
16:04 of 2nd period - Matthew Peca is hit by Joel Hanley and loses puck.
19:33 of 2nd period - Colton White is hit by Dylan Sikura and loses puck.
Goals for this period are 0 for Checkers 2 vs 0 for Wild.
Shots for this period are 0 for Checkers 2 vs 0 for Wild.

3rd period


0:01 of 3rd period - Cooper Marody wins face-off versus Laurent Dauphin in neutral zone.
0:06 of 3rd period - Wrist shot by Cooper Marody.
0:06 of 3rd period - Shot Misses the Net.
0:08 of 3rd period - Slapshot by Cooper Marody.
0:08 of 3rd period - Stopped by David Rittich with a rebound.
0:10 of 3rd period - Slapshot by Jack Rathbone.
0:10 of 3rd period - Shot Misses the Net.
0:30 of 3rd period - Snap shot by Joel Kiviranta.
0:30 of 3rd period - Shot Misses the Net.
0:40 of 3rd period - Slapshot by Cooper Marody.
0:40 of 3rd period - Stopped by David Rittich without a rebound.
0:41 of 3rd period - Austin Czarnik wins face-off versus Laurent Dauphin in Checkers 2 zone.
1:15 of 3rd period - Icing by Jack Rathbone.
1:16 of 3rd period - Joel Kiviranta wins face-off versus Austin Czarnik in Wild zone.
1:19 of 3rd period - Snap shot by Nathan Walker.
1:19 of 3rd period - Stopped by Joel Hofer with a rebound.
1:43 of 3rd period - Wrist shot by Austin Czarnik.
1:43 of 3rd period - Shot Blocked by Brett Ritchie.
1:45 of 3rd period - Slapshot by Jack Rathbone.
1:45 of 3rd period - Shot Blocked by Colton White.
1:47 of 3rd period - Slapshot by Brandon Davidson.
1:47 of 3rd period - Shot Misses the Net.
1:49 of 3rd period - Slapshot by Jack Rathbone.
1:49 of 3rd period - Deflect By Colton White.
1:49 of 3rd period - Stopped by David Rittich with a rebound.
1:51 of 3rd period - Wrist shot by Austin Czarnik.
1:51 of 3rd period - Shot Blocked by Nathan Walker.
1:53 of 3rd period - Snap shot by Austin Czarnik.
1:53 of 3rd period - Stopped by David Rittich without a rebound.
1:54 of 3rd period - Sheldon Dries wins face-off versus Cooper Marody in Checkers 2 zone.
2:07 of 3rd period - Snap shot by Wayne Simmonds.
2:07 of 3rd period - Stopped by Joel Hofer without a rebound.
2:08 of 3rd period - Laurent Dauphin wins face-off versus Cooper Marody in Wild zone.
2:23 of 3rd period - Snap shot by Laurent Dauphin.
2:23 of 3rd period - Stopped by Joel Hofer without a rebound.
2:24 of 3rd period - Austin Czarnik wins face-off versus Brett Ritchie in Wild zone.
2:50 of 3rd period - Snap shot by Brett Ritchie.
2:50 of 3rd period - Stopped by Joel Hofer with a rebound.
2:52 of 3rd period - Slapshot by Conor Timmins.
2:52 of 3rd period - Shot Misses the Net.
2:54 of 3rd period - Snap shot by Laurent Dauphin.
2:54 of 3rd period - Stopped by Joel Hofer with a rebound.
3:40 of 3rd period - Max Pacioretty is hit by Austin Czarnik and loses puck.
4:02 of 3rd period - Snap shot by Alex Belzile.
4:02 of 3rd period - Stopped by Joel Hofer with a rebound.
4:21 of 3rd period - Evan Polei is hit by Hudson Fasching and loses puck.
4:56 of 3rd period - Cole Bardreau is hit by Scott Harrington and loses puck.
5:13 of 3rd period - Dylan Sikura is hit by Alex Belzile and loses puck.
5:34 of 3rd period - Jack Rathbone is hit by Joel Hanley and loses puck.
5:52 of 3rd period - Scott Harrington is hit by Shane Gersich and loses puck.
6:11 of 3rd period - Slapshot by Shane Gersich.
6:11 of 3rd period - Goal by Shane Gersich - Checkers 2 : 0 - Wild : 2.
6:12 of 3rd period - Sheldon Dries wins face-off versus Cooper Marody in neutral zone.
6:15 of 3rd period - Wrist shot by Wayne Simmonds.
6:15 of 3rd period - Deflect By Hudson Fasching.
6:15 of 3rd period - Shot Blocked by Logan Day.
6:15 of 3rd period - Puck is out of play.
6:16 of 3rd period - Cooper Marody wins face-off versus Hudson Fasching in Wild zone.
6:31 of 3rd period - Snap shot by Joel Hanley.
6:31 of 3rd period - Stopped by Joel Hofer with a rebound.
6:33 of 3rd period - Snap shot by Sheldon Dries.
6:33 of 3rd period - Stopped by Joel Hofer without a rebound.
6:34 of 3rd period - Cooper Marody wins face-off versus Brett Ritchie in Wild zone.
6:41 of 3rd period - Snap shot by Cooper Marody.
6:41 of 3rd period - Shot Misses the Net.
6:43 of 3rd period - Snap shot by Alex Limoges.
6:43 of 3rd period - Stopped by David Rittich without a rebound.
6:44 of 3rd period - Joel Kiviranta wins face-off versus Cooper Marody in Checkers 2 zone.
6:46 of 3rd period - Icing by Joel Hanley.
6:47 of 3rd period - Brett Ritchie wins face-off versus Seth Griffith in Checkers 2 zone.
6:54 of 3rd period - Snap shot by Dylan Sikura.
6:54 of 3rd period - Shot Misses the Net.
6:56 of 3rd period - Slapshot by Logan Day.
6:56 of 3rd period - Stopped by David Rittich without a rebound.
6:57 of 3rd period - Seth Griffith wins face-off versus Laurent Dauphin in Checkers 2 zone.
7:08 of 3rd period - Snap shot by Seth Griffith.
7:08 of 3rd period - Shot Blocked by Joel Hanley.
7:14 of 3rd period - Snap shot by Cooper Marody.
7:14 of 3rd period - Shot Blocked by Joel Hanley.
7:30 of 3rd period - Slapshot by Joel Hanley.
7:30 of 3rd period - Shot Misses the Net.
7:32 of 3rd period - Wrist shot by Colton White.
7:32 of 3rd period - Stopped by Joel Hofer without a rebound.
7:33 of 3rd period - Alex Limoges wins face-off versus Brett Ritchie in Wild zone.
7:33 of 3rd period - Alex Limoges is hit by Brett Ritchie.
7:39 of 3rd period - Slapshot by Jack Rathbone.
7:39 of 3rd period - Stopped by David Rittich with a rebound.
7:49 of 3rd period - Austin Czarnik is hit by Brett Ritchie and loses puck.
9:09 of 3rd period - Icing by Dylan Sikura.
9:10 of 3rd period - Brett Ritchie wins face-off versus Seth Griffith in Wild zone.
9:19 of 3rd period - Wrist shot by Laurent Dauphin.
9:19 of 3rd period - Deflect By Seth Griffith.
9:19 of 3rd period - Stopped by Joel Hofer with a rebound.
10:30 of 3rd period - Brandon Davidson is hit by Hudson Fasching.
11:10 of 3rd period - Matthew Peca is hit by Laurent Dauphin and loses puck.
11:47 of 3rd period - Evan Polei is hit by Max Pacioretty and loses puck.
12:58 of 3rd period - Minor Penalty to Conor Timmins for Hooking.
12:59 of 3rd period - Sheldon Dries wins face-off versus Dylan Sikura in Checkers 2 zone.
13:20 of 3rd period - Alex Belzile is hit by Logan Day and loses puck.
14:58 of 3rd period - Penalty to Conor Timmins is over, Conor Timmins is back on ice.
16:39 of 3rd period - Icing by Alex Limoges.
16:40 of 3rd period - Laurent Dauphin wins face-off versus Brad Malone in Wild zone.
16:49 of 3rd period - Brandon Davidson is hit by Colton White and loses puck.
17:47 of 3rd period - Martin Kaut is hit by Austin Czarnik and loses puck.
18:40 of 3rd period - Austin Czarnik is hit by Alex Belzile and loses puck.
19:02 of 3rd period - Icing by Cale Fleury.
19:03 of 3rd period - Joel Kiviranta wins face-off versus Austin Czarnik in Checkers 2 zone.
19:16 of 3rd period - Shane Gersich is hit by Brett Ritchie and loses puck.
Goals for this period are 0 for Checkers 2 vs 1 for Wild.
Shots for this period are 10 for Checkers 2 vs 8 for Wild.